 Dungeon Crawl Stone Soup version 0.31-a0-175-g9f7f995f2b (webtiles) character file.

Game seed: 12980953732893341606

54 qw the Shooter (level 3, 0/32 HPs)
             Began as a Naga Hunter on June 17, 2023.
             Slain by a cerulean imp
             ... wielding a +1 spear
             ... summoned by Natasha
              (5 damage)
             ... on level 3 of the Dungeon.
             The game lasted 00:00:29 (1497 turns).

qw the Shooter (Naga Hunter)                        Turns: 1497, Time: 00:00:29

Health: 0/32       AC:  2    Str: 13    XL:     3   Next: 91%
Magic:  3/3        EV:  9    Int:  9    God:
Gold:   120        SH:  0    Dex: 16    Spells: 2/2 levels left

rFire   . . .        Y - +0 shortbow
rCold   . . .        (shield currently unavailable)
rNeg    . . .        c - +0 leather armour
rPois   +            (no helmet)
rElec   .            (no cloak)
rCorr   .            (no gloves)
SInv    +            (no barding)
Will    .....        (no amulet)
Stlth   ++           (no ring)
HPRegen 0.25/turn    (no ring)
MPRegen 0.08/turn

%: no passive effects
@: short of breath, very slow
A: AC +1, large, see invisible, deformed body, poison resistance, slowness 2,
spit poison 1, naga tail 1
a: Spit Poison


You were on level 3 of the Dungeon.
You visited 1 branch of the dungeon, and saw 3 of its levels.

You collected 120 gold pieces.


Innate Abilities, Weirdness & Mutations

Your serpentine skin is tough. (AC +1)
You have supernaturally acute eyesight. (SInv)
Armour fits poorly on your strangely shaped body.
Your system is resistant to poisons. (rPois)
You cover ground very slowly.
You can spit poison.
You have a snake-like lower body.


   Skills:
 - Level 2.0 Fighting
 + Level 4.9 Ranged Weapons
 - Level 1.5 Dodging
 - Level 1.5 Stealth


You had 2 spell levels left.
You didn't know any spells.
Your spell library was empty.

Inventory:

Hand Weapons
 Y - a +0 shortbow (weapon)
Armour
 c - a +0 leather armour (worn)
Jewellery
 d - a ring of ice
Potions
 e - a potion of resistance {unknown}
 g - a potion of degeneration {unknown}

Dungeon Overview and Level Annotations

Branches:
Dungeon (3/15)

Altars:
Kikubaaqudgha

Shops:
D:1 (

Annotations:
D:3 Natasha


Message History

Natasha wildly gestures.
Natasha glows brightly for a moment.
You shoot an arrow. The arrow hits the orc.
The orc is severely wounded.
The cerulean imp barely misses you.
You shoot an arrow. The arrow hits the orc.
The orc is severely wounded.
The orc hits you with a +0 whip.
The cerulean imp hits you from afar with a +1 spear.
You shoot an arrow. The arrow hits the orc.
You kill the orc!
The cerulean imp hits you from afar with a +1 spear.
You shoot an arrow. The arrow closely misses Natasha.
The arrow barely misses the cerulean imp.
Natasha barely misses you. The cerulean imp barely misses you.
Natasha barely misses you.
You shoot an arrow. The arrow hits Natasha.
Natasha is severely wounded.
You have got your breath back.
The cerulean imp hits you from afar with a +1 spear.
Natasha closely misses you.
1495 ||| INVOKING Spit Poison.
Aiming: Spit Poison (2% risk of failure)
Press: ? - help, Shift-Dir - straight line, f/p - Natasha The splash of poison hits Natasha.
Natasha is poisoned.
Natasha is severely wounded.
The cerulean imp hits you from afar with a +1 spear.
Natasha claws you.
You shoot an arrow.
The arrow hits Natasha but does no damage.
Natasha is almost dead.
The cerulean imp hits you but does no damage.
Natasha wildly gestures.
Natasha's front paws start to glow.
Natasha claws you but does no damage.
You shoot an arrow. The arrow closely misses Natasha.
The arrow hits the cerulean imp.
The cerulean imp is moderately wounded.
The cerulean imp hits you from afar with a +1 spear.
You die...

..# #..# #..# #..#
# ... #.#.# #.#
....!)##)#
#....5h@.###
#..........###.#.#
########.#.......#
#.#.###.#.# #.#.#
#.#.# #.#.#####.#
..#.......#
###.#######


You could see Natasha (poisoned) and a cerulean imp (summoned).

Vanquished Creatures
  An adder (D:2)
  A dart slug (D:1)
  An orc (D:3)
  4 endoplasms
  A giant cockroach (D:2)
  4 goblins
  4 hobgoblins
  7 jackals (D:1)
  2 quokkas
  A ball python (D:1)
  A bat (D:1)
  6 kobolds
  3 rats
36 creatures vanquished.

Notes
Turn   | Place    | Note
-------+----------+-------------------------------------------
     0 | D:1      | qw the Naga Hunter began the quest for the Orb.
     0 | D:1      | Reached XP level 1. HP: 19/19 MP: 1/1
     0 | D:1      | 0 ||| qw: Version: 0.3-a-2-g5ab2908
     0 | D:1      | 0 ||| qw: Game counter: 194
     0 | D:1      | 0 ||| qw: Always use a shield: true
     0 | D:1      | 0 ||| qw: God list: Okawaru
     0 | D:1      | 0 ||| qw: Allow faded altars: false
     0 | D:1      | 0 ||| qw: Do Orc after D:15 true
     0 | D:1      | 0 ||| qw: Do second Lair branch before Depths: true
     0 | D:1      | 0 ||| qw: Lair rune preference: random
     0 | D:1      | 0 ||| qw: Plans: Normal
     0 | D:1      | 0 ||| PLANNING D:1-11
    13 | D:1      | Found Hyus's Weapon Emporium.
    16 | D:1      | 16 ||| INVOKING Spit Poison.
    19 | D:1      | 19 ||| INVOKING Spit Poison.
    92 | D:1      | 92 ||| INVOKING Spit Poison.
    98 | D:1      | 98 ||| INVOKING Spit Poison.
   130 | D:1      | 130 ||| INVOKING Spit Poison.
   135 | D:1      | 135 ||| INVOKING Spit Poison.
   136 | D:1      | Reached skill level 4 in Ranged Weapons
   136 | D:1      | Reached XP level 2. HP: 23/26 MP: 2/2
   159 | D:1      | 159 ||| INVOKING Spit Poison.
   167 | D:1      | 167 ||| INVOKING Spit Poison.
   194 | D:1      | 194 ||| INVOKING Spit Poison.
   195 | D:1      | 195 ||| INVOKING Spit Poison.
   214 | D:1      | 214 ||| INVOKING Spit Poison.
   219 | D:1      | 219 ||| INVOKING Spit Poison.
   227 | D:1      | 227 ||| INVOKING Spit Poison.
   237 | D:1      | 237 ||| INVOKING Spit Poison.
   344 | D:1      | 344 ||| INVOKING Spit Poison.
   345 | D:1      | Reached XP level 3. HP: 32/32 MP: 3/3
   444 | D:1      | 444 ||| INVOKING Spit Poison.
   500 | D:1      | 500 ||| READING 2 scrolls labelled QAIT DEHUMAWEC.
   501 | D:1      | 501 ||| DRINKING 3 fuming purple potions.
   530 | D:1      | 530 ||| DROPPING scroll of amnesia.
   531 | D:1      | 531 ||| DROPPING scroll of butterflies.
   532 | D:1      | 532 ||| DROPPING 2 potions of lignification.
   560 | D:2      | 560 ||| INVOKING Spit Poison.
   588 | D:2      | Found an ancient bone altar of Kikubaaqudgha.
   706 | D:2      | 706 ||| INVOKING Spit Poison.
   813 | D:2      | 813 ||| INVOKING Spit Poison.
   860 | D:2      | 860 ||| FLEEEEING.
   861 | D:2      | 861 ||| FLEEEEING.
   862 | D:2      | 862 ||| FLEEEEING.
   863 | D:2      | 863 ||| INVOKING Spit Poison.
   866 | D:2      | 866 ||| INVOKING Spit Poison.
   872 | D:2      | 872 ||| INVOKING Spit Poison.
   875 | D:2      | 875 ||| INVOKING Spit Poison.
   893 | D:2      | 893 ||| INVOKING Spit Poison.
  1002 | D:2      | 1002 ||| INVOKING Spit Poison.
  1418 | D:2      | 1418 ||| READING scroll labelled DOYRIX QOURI.
  1485 | D:3      | Noticed Natasha
  1488 | D:3      | 1488 ||| INVOKING Spit Poison.
  1495 | D:3      | 1495 ||| INVOKING Spit Poison.
  1495 | D:3      | HP: 5/32 [cerulean imp/+1 spear[Natasha] (6)]
  1497 | D:3      | Slain by a cerulean imp

Levels and vault maps discovered:
D:1:      dpeg_arrival_rhombus, layout_basic, serial_shops,
          nicolae_shop_advertising_works [nicolae_subvault_shop_adworks],
          st_stairs_7
D:2:      layout_basic, basic_altar, minmay_diced_spiral
D:3:      layout_loops_ring, fedhas_altar_4, uniq_natasha

Skill      XL: |  1 |
---------------+----+-----
Ranged Weapons | 4 |  4.9
Fighting       | |  2.0
Dodging        | |  1.5
Stealth        | |  1.5

Action                     || total
---------------------------++-------
   Fire: Shortbow          ||    80
Ability: Spit Poison       ||    25
    Use: Scroll            ||     2
         Potion            ||     1
 Armour: Leather armour    ||    11
  Dodge: Dodged            ||    21

Table legend:
 A = Non-vault XP
 B = Vault XP
 C = Vault XP percentage of total XP
 D = Non-vault monster count
 E = Vault monster count
 F = Vault count percentage of total count
                 A         B        C        D         E       F
            +---------+---------+-------+---------+---------+-------
      Total |      61 |      17 |  21.8 |      32 |       4 |  11.1
            +---------+---------+-------+---------+---------+-------
        D:1 |      39 |       1 |   2.5 |      21 |       1 |   4.5
        D:2 |      17 |      16 |  48.5 |       9 |       3 |  25.0
        D:3 |       5 |       0 |   0.0 |       2 |       0 |   0.0
            +---------+---------+-------+---------+---------+-------
